 Dungeon Crawl Stone Soup version 0.28-a0-751-gef3a642a4e (webtiles) character file.

Game seed: 11327074277204269924

6 KoroneIsBestGirl the Chiller (level 1, 0/13 HPs)
             Began as a Barachi Ice Elementalist on Oct 31, 2021.
             Killed from afar by a dart slug (4 damage)
             ... with a slug dart
             ... on level 1 of the Dungeon.
             The game lasted 00:00:42 (432 turns).

KoroneIsBestGirl the Chiller (BaIE)                  Turns: 432, Time: 00:00:43

Health: 0/13       AC:  2    Str:  9    XL:     1   Next: 90%
Magic:  0/3        EV: 12    Int: 15    God:
Gold:   51         SH:  0    Dex: 12    Spells: 3/4 levels left

rFire   . . .      SeeInvis .   c - +0 dagger
rCold   . . .      Faith    .   (no shield)
rNeg    . . .      Spirit   .   a - +0 robe
rPois   .          Reflect  .   (no helmet)
rElec   .          Harm     .   (no cloak)
rCorr   .          Rampage  .   (no gloves)
Will    .....                   (no boots)
Stlth   ++........              (no amulet)
HPRegen 0.04/turn               (no ring)
MPRegen 0.08/turn               (no ring)

@: slow
A: amphibious, slowness 1, strong legs 1, +LOS
a: Hop


You were on level 1 of the Dungeon.
You visited 1 branch of the dungeon, and saw 2 of its levels.

You collected 51 gold pieces.

Inventory:

Hand Weapons
 c - a +0 dagger (weapon)
Armour
 a - a +0 robe (worn)
Scrolls
 b - a scroll of amnesia {unknown}


   Skills:
 + Level 2.4 Dodging
 - Level 1.7 Stealth
 + Level 2.3 Spellcasting
 + Level 5.0 Ice Magic


You had 3 spell levels left.
You knew the following spells:

 Your Spells              Type           Power      Damage    Failure   Level
a - Freeze                Ice            64%        1d8       2%          1

Your spell library contained the following spells:

 Spells                   Type           Power      Damage    Failure   Level
 Frozen Ramparts          Ice            32%        1d5       9%          3
 Ozocubu's Armour         Ice            16%        N/A       9%          3
 Hailstorm                Conj/Ice       9%         3d4       58%         4
 Blade Hands              Tmut           0%         N/A       99%         5
 Irradiate                Conj/Tmut      0%         3d13      99%         5
 Dragon Form              Tmut           0%         N/A       100%        7


Dungeon Overview and Level Annotations

Branches:
Dungeon (2/15)

Altars:


Innate Abilities, Weirdness & Mutations

You are amphibious.
You cover ground slowly.
You can hop short distances.
You have an extended range of vision and can be seen from far away.


Message History

You can't see any susceptible monsters within range! (Use Z to cast anyway.)
You start resting.
A dart slug is nearby!
A dart slug is nearby!
A dart slug is nearby!
You hit the dart slug.
The dart slug is lightly wounded.
The dart slug barely misses you.
You hit the dart slug.
The dart slug is moderately wounded.
You hit the dart slug but do no damage.
The dart slug is moderately wounded.
The dart slug bites you.
You freeze the dart slug.
The dart slug is moderately wounded.
The dart slug launches a dart at you. The slug dart hits you.
The dart slug launches a dart at you. The slug dart hits you.
You are too injured to fight recklessly!
You are too injured to fight recklessly!
You are too injured to fight recklessly!
You are too injured to fight recklessly!
You are too injured to fight recklessly!
You are too injured to fight recklessly!
You are too injured to fight recklessly!
Casting: Freeze (safe; 2% risk of failure)
Confirm with . or Enter, or press ? or * to list all spells.
Aiming: Freeze (safe; 2% risk of failure)
Press: ? - help, Shift-Dir - straight line, f/p - dart slug
Aim: a dart slug (moderately wounded)
You freeze the dart slug.
The dart slug is severely wounded.
The dart slug launches a dart at you. The slug dart misses you.
The dart slug barely misses you.
You hit the dart slug.
The dart slug is almost dead.
The dart slug launches a dart at you. The slug dart hits you.
You die...

..........................#
⌠..........<..........⌠...#
..........................#
......⌠.........⌠........##
..⌠......)..........⌠...##
#..........⌠..........###
#####.............#####
....###############
###.............@.##
###############ww# ##.# #.#
...!....)# .w.......#
..w......# .........#
.........#


You could see 2 dart slugs.

Vanquished Creatures
  An endoplasm (D:1)
  A goblin (D:1)
  A kobold (D:1)
  A quokka (D:1)
  A rat (D:1)
5 creatures vanquished.

Notes
Turn   | Place    | Note
-------+----------+-------------------------------------------
     0 | D:1      | KoroneIsBestGirl the Barachi Ice Elementalist began the
                  | quest for the Orb.
     0 | D:1      | Reached XP level 1. HP: 13/13 MP: 3/3
   416 | D:1      | Reached skill level 5 in Ice Magic
   432 | D:1      | Killed from afar by a dart slug

Illustrated notes

Levels and vault maps discovered:
D:1:      dpeg_arrival_water_temple_mockup, layout_basic
D:2:      layout_rooms, serial_forest, infiniplex_forest_lined_3,
          infiniplex_forest_end_3, infiniplex_forest_join,
          infiniplex_forest_clump_medium, infiniplex_forest_end_2,
          infiniplex_forest_diagonal, infiniplex_forest_clump_long,
          infiniplex_forest_straight_4, infiniplex_forest_corner_1,
          infiniplex_forest_clump_tiny, ebering_ecumenical_altar_abandoned,
          amethyst_killhole

Skill      XL: |  1 |
---------------+----+-----
Ice Magic      | 5 |  5.0
Dodging        | |  2.4
Stealth        | |  1.7
Spellcasting   | |  2.3

Action                   || total
-------------------------++-------
Melee: Unarmed           ||     6
       Dagger            ||     4
 Cast: Freeze            ||     9
 Abil: Hop               ||     1
Armor: Robe              ||     2
Dodge: Dodged            ||     9

Table legend: (Time is in decaauts)
 A = Elapsed time spent in this place.
 B = Non-inter-level travel time spent in this place.
 C = Inter-level travel time spent in this place.
 D = Time resting spent in this place.
 E = Time spent auto-exploring this place.
 F = Levels seen in this place.
 G = Mean time per level.
                   A        B        C        D        E       F      G
               +--------+--------+--------+--------+--------+-----+--------+
         Total |    461 |    461 |      0 |      5 |    383 |   2 |  230.5 |
       Dungeon |    461 |    461 |      0 |      5 |    383 |   2 |  230.5 |
               +--------+--------+--------+--------+--------+-----+--------+

Top non-repeatable levels by time:
     D:1: 459 daAuts
     D:2: 1 daAuts
